 Dungeon Crawl Stone Soup version 0.30.1-11-g7821555f0a (webtiles) character file.

Game seed: 10046857510693899958

1382 Kranky the Poker (level 8, -1/106 HPs)
             Began as a Minotaur Berserker on Nov 9, 2023.
             Was a Believer of Trog.
             Slain by an iguana (10 damage)
             ... on level 5 of the Dungeon.
             The game lasted 00:04:37 (4378 turns).

Kranky the Poker (Minotaur Berserker)               Turns: 4378, Time: 00:04:37

Health: -1/106     AC:  7    Str: 24    XL:     8   Next: 40%
Magic:  7/7        EV: 12    Int:  4    God:    Trog [**....]
Gold:   322        SH:  0    Dex: 10    Spells: 7/7 levels left

rFire   . . .        v - +0 scythe
rCold   . . .        (shield currently unavailable)
rNeg    . . .        y - +0 scale mail
rPois   .            (helmet restricted)
rElec   .            (no cloak)
rCorr   .            (no gloves)
SInv    .            (no boots)
Will    .....        (no amulet) Stlth
                     (no ring)
HPRegen 0.37/turn    (no ring)
MPRegen 0.10/turn

%: no passive effects
@: berserking, very quick
A: horns 2, retaliatory headbutt
a: Renounce Religion, Berserk, Trog's Hand


You were on level 5 of the Dungeon.
You worshipped Trog.
Trog was pleased with you.
You visited 2 branches of the dungeon, and saw 6 of its levels.

You collected 322 gold pieces.

Inventory:

Hand Weapons
 a - a +0 spear
 v - a +0 scythe (weapon)
Missiles
 A - 6 javelins (quivered)
 D - 12 poisoned darts
Armour
 b - a +0 animal skin
 j - a +0 ring mail
 y - a +0 scale mail (worn)
Jewellery
 e - a ring of ice
 p - a ring of poison resistance
 t - a +6 ring of dexterity
 B - an amulet of magic regeneration
 C - a ring of protection from fire
 G - a ring of flight
Wands
 w - a wand of flame (25)
 F - a wand of quicksilver (7)
Scrolls
 c - 4 scrolls of teleportation {unknown}
 i - 2 scrolls of enchant weapon {unknown}
 k - a scroll of magic mapping {unknown}
 m - 3 scrolls of identify {unknown}
 o - a scroll of fear {unknown}
 q - a scroll of noise {unknown}
 r - 3 scrolls of torment {unknown}
 s - a scroll of immolation {unknown}
 u - 2 scrolls of amnesia {unknown}
Potions
 d - 2 potions of curing {unknown}
 f - a potion of magic {unknown}
 g - a potion of invisibility {unknown}
 h - 4 potions of attraction {unknown}
 l - a potion of degeneration {unknown}
 n - 2 potions of berserk rage {unknown}
 x - 2 potions of ambrosia {unknown}
 z - a potion of mutation {unknown}
 E - a potion of flight {unknown}


   Skills:
 + Level 6.9 Fighting
 + Level 6.9 Polearms
 + Level 2.9 Throwing
 + Level 6.3 Armour
 + Level 5.7 Dodging


You had 7 spell levels left.
You didn't know any spells.
Your spell library was empty.

Dungeon Overview and Level Annotations

Branches:
Dungeon (5/15)             Temple (1/1) D:4

Altars:
Ashenzari
Cheibriados
Dithmenos
Fedhas
Gozag
Nemelex Xobeh
Uskayaw
Vehumet
Wu Jian
Xom
The Shining One


Innate Abilities, Weirdness & Mutations

You have a pair of horns on your head.
You reflexively headbutt those who attack you in melee.


Message History

You slash the gnoll!
You kill the gnoll!
Trog accepts your kill. The gnoll barely misses you. You furiously retaliate!
You headbutt the gnoll! You impale the gnoll!!
You kill the gnoll!
Trog accepts your kill. The lemure hits you but does no damage.
You closely miss the lemure. The lemure completely misses you.
You furiously retaliate!
You headbutt the lemure. You closely miss the lemure.
The lemure is lightly wounded.
The lemure hits you.
You puncture the lemure!
The lemure is severely wounded.
You hear an angry hiss.
The lemure hits you!
You closely miss the lemure.
The lemure is severely wounded.
The lemure hits you!
* * * LOW HITPOINT WARNING * * *
You barely miss the lemure.
The lemure is severely wounded.
The lemure hits you.
* * * LOW HITPOINT WARNING * * *
An iguana comes into view.
You completely miss the lemure. Your headbutt misses the lemure.
The lemure is severely wounded.
The lemure barely misses you.
You hit the lemure. You headbutt the lemure.
The lemure is severely wounded.
The lemure hits you.
* * * LOW HITPOINT WARNING * * *
The iguana bites you!
* * * LOW HITPOINT WARNING * * *
The lemure hits you.
* * * LOW HITPOINT WARNING * * *
A red film seems to cover your vision as you go berserk!
You feel yourself moving faster!
You feel mighty! The iguana bites you!
You die...

....#.# #..###..... #.....## .
#.###.#.###.. ## ##....g#### .
###.....#...## #..#.....5....
.###.#......#....#
#>...........###.....#.....#.....
#..##...5g###.#......#......#....
## #...##g....#.....#.....###...
##..#..g...#l.....#.###.#.###
##.)#.....#@....###.....#...
##.#.....5#.###.#......#...
#.#.....###.....#.....#...
##.#.###)#......#......#..
#..##....†#..>.!#.....###.
#..#.....)#......#.###.#.#
#...#....)#.....###.....#.
#####......#.###.#......#.
#.....###.....#.....#.


You could see a lemure and an iguana.

Vanquished Creatures
  Grinder (D:3)
  Sigmund (D:3)
  Duvessa (D:5)
  An ogre (D:5)
  2 black bears (D:5)
  2 lemures (D:5)
  2 scorpions
  Dowan (D:5)
  A hound (D:4)
  2 gnoll boudas (D:5)
  Jessica (D:2)
  A sleepcap (D:5)
  Ijyb (D:3)
  An iguana (D:5)
  3 orc wizards
  6 gnolls (D:5)
  8 adders
  2 worms
  18 orcs
  A ball python (D:3)
  4 endoplasms
  2 giant cockroaches
  6 goblins
  6 hobgoblins
  4 quokkas
  6 bats
  2 frilled lizards
  5 kobolds
  2 rats
93 creatures vanquished.

Notes
Turn   | Place    | Note
-------+----------+-------------------------------------------
     0 | D:1      | Kranky the Minotaur Berserker began the quest for the Orb.
     0 | D:1      | Reached XP level 1. HP: 19/19 MP: 0/0
   485 | D:2      | Noticed Jessica
   490 | D:2      | Killed Jessica
   491 | D:2      | Reached XP level 2. HP: 21/27 MP: 1/1
   491 | D:2      | Reached XP level 3. HP: 26/33 MP: 2/2
  1134 | D:2      | Found a faded altar of an unknown god.
  1435 | D:3      | Reached XP level 4. HP: 35/40 MP: 3/3
  1528 | D:3      | Noticed Sigmund
  1543 | D:3      | Killed Sigmund
  1544 | D:3      | Reached skill level 5 in Fighting
  1544 | D:3      | Reached skill level 5 in Polearms
  1544 | D:3      | Reached XP level 5. HP: 29/48 MP: 4/4
  1771 | D:3      | Noticed Ijyb
  1779 | D:3      | Killed Ijyb
  1780 | D:3      | Reached XP level 6. HP: 50/56 MP: 5/5
  1871 | D:3      | Noticed Grinder
  1871 | D:3      | Paralysed by Grinder for 3 turns
  1893 | D:3      | Paralysed by Grinder for 5 turns
  1902 | D:3      | Killed Grinder
  2488 | D:4      | Reached XP level 7. HP: 54/62 MP: 6/6
  2568 | D:4      | Reached ** piety under Trog
  2572 | D:4      | Reached skill level 5 in Armour
  2788 | D:4      | Found a staircase to the Ecumenical Temple.
  2900 | D:4      | Reached skill level 1 in Throwing
  3137 | D:4      | Found an opulent altar of Gozag.
  3428 | Temple   | Entered the Ecumenical Temple
  3608 | D:5      | Entered Level 5 of the Dungeon
  3705 | D:5      | Noticed Duvessa
  3706 | D:5      | Noticed Dowan
  3838 | D:5      | Killed Dowan
  3841 | D:5      | Killed Duvessa
  3842 | D:5      | Reached skill level 5 in Dodging
  3937 | D:5      | Found a glowing golden altar of the Shining One.
  3982 | D:5      | Reached XP level 8. HP: 71/71 MP: 7/7
  4378 | D:5      | Slain by an iguana

Illustrated notes

Levels and vault maps discovered:
D:1:      minmay_arrival_solitary_statue, layout_rooms
D:2:      layout_basic, dreamdust_ecumenical_altar_statues,
          nicolae_elevator_lobby_plus, uniq_jessica
D:3:      layout_loops_ring, amcnicky_mini_corridor_feature,
          lightli_corner_chamber, uniq_grinder, uniq_ijyb, uniq_sigmund
D:4:      layout_basic, lemuel_round_altar, temple_statues,
          corexii_checkpoint_a, chequers_jeans
D:5:      nicolae_BIG_FREAKIN_CUBE, layout_cave_pools, marbit_many_paths,
          mainiacjoe_overflow_paths, uniq_duvessa, uniq_pikel
Temple:   hellmonk_temple_forest_ring

Skill      XL: |  1  2  3  4  5  6  7  8 |
---------------+-------------------------+-----
Fighting       | 4 5 6 |  6.9
Polearms       | 4 5 6 |  6.9
Armour         | 3 4 5 6 |  6.3
Dodging        | 3 4 5 |  5.7
Throwing       | 2 |  2.9

Action                     |  1- 3 |  4- 6 |  7- 9 || total
---------------------------+-------+-------+-------++-------
  Melee: Spear             |    83 |    21 |       ||   104
         Headbutt          |    10 |     5 |    18 ||    33
         Punch             |     1 |       |       ||     1
         Halberd           |       |    53 |   137 ||   190
 Invoke: Berserk           |       |       |     2 ||     2
         Trog's Hand       |       |       |     1 ||     1
 Armour: Animal skin       |     5 |       |       ||     5
         Ring mail         |     8 |    15 |       ||    23
         Scale mail        |       |     5 |    38 ||    43
  Dodge: Dodged            |    36 |    30 |    66 ||   132
